 Dungeon Crawl Stone Soup version 0.29-a0-43-g62a80824bf (webtiles) character file.

Game seed: 1585510011251449924

28976 willcat the Covert (level 13, -5/74 HPs)
             Began as a Kobold Brigand on Feb 2, 2022.
             Was a High Priest of Sif Muna.
             Killed by an exploding death yak (17 damage)
             ... ignited by their inner flame
             ... on level 6 of the Lair of Beasts.
             The game lasted 00:23:33 (20288 turns).

willcat the Covert (Kobold Brigand)                Turns: 20288, Time: 00:23:33

Health: -5/74      AC: 22    Str:  8    XL:     13   Next: 77%
Magic:  0/24       EV: 19    Int: 16    God:    Sif Muna [*****.]
Gold:   948        SH:  0    Dex: 18    Spells: 23/27 levels left

rFire   . . .      SeeInvis .   B - +3 dagger (venom)
rCold   . . .      Faith    .   (no shield)
rNeg    + . .      Spirit   +   C - +5 steam dragon scales
rPois   .          Reflect  .   l - +0 helmet
rElec   .          Harm     .   c - +0 cloak
rCorr   .          Rampage  .   x - +2 pair of gloves
Will    .....                   O - +0 pair of boots
Stlth   +++++++...              D - amulet of guardian spirit
HPRegen 0.22/turn               o - ring of positive energy
MPRegen 0.19/turn               Q - +4 ring of protection

@: no status effects
A: small, no large weapons, nightstalker 3
a: Renounce Religion, Channel Magic, Forget Spell, Divine Exegesis


You were on level 6 of the Lair of Beasts.
You worshipped Sif Muna.
Sif Muna was extremely pleased with you.
You visited 3 branches of the dungeon, and saw 16 of its levels.

You collected 948 gold pieces.

Inventory:

Hand Weapons
 B - a +3 dagger of venom (weapon)
Missiles
 d - 9 poisoned darts
 e - 6 curare-tipped darts (quivered)
 v - a throwing net
Armour
 c - a +0 cloak (worn)
 l - a +0 helmet (worn)
 x - a +2 pair of gloves (worn)
 C - +5 steam dragon scales (worn)
 O - a +0 pair of boots (worn)
Jewellery
 o - a ring of positive energy (left hand)
 D - an amulet of guardian spirit (around neck)
 Q - a +4 ring of protection (right hand)
 S - a ring of flight
 U - a ring of ice
Wands
 E - a wand of acid (7)
 J - a wand of digging (5)
 M - a wand of mindburst (5)
 T - a wand of iceblast (9)
 V - a wand of flame (9)
 Y - a wand of paralysis (4)
Scrolls
 i - a scroll of blinking
 p - a scroll of brand weapon
 q - 2 scrolls of summoning
 s - 5 scrolls of vulnerability
 t - a scroll of amnesia
 u - 6 scrolls of teleportation
 z - a scroll of torment
 A - 2 scrolls of silence
 P - a scroll of enchant weapon
 W - a scroll of holy word {unknown}
Potions
 a - 3 potions of flight {unknown}
 f - a potion of cancellation {unknown}
 k - 2 potions of mutation {unknown}
 m - 3 potions of heal wounds
 n - a potion of might {unknown}
 r - 3 potions of lignification
 w - 7 potions of curing
 K - a potion of brilliance
 R - 2 potions of haste {unknown}
 X - 2 potions of invisibility
 Z - 2 potions of resistance
Miscellaneous
 H - a condenser vane (inert)
 I - a tin of tremorstones (2/2)


   Skills:
 - Level 6.1 Fighting
 + Level 12.4 Short Blades
 - Level 2.1 Throwing
 + Level 5.5 Armour
 + Level 7.9 Dodging
 + Level 14.2 Stealth
 + Level 7.8 Spellcasting
 + Level 7.9 Conjurations
 + Level 7.9 Fire Magic
 - Level 4.4 Invocations
 + Level 4.4 Evocations


You had 23 spell levels left.
You knew the following spells:

 Your Spells              Type           Power      Damage    Failure   Level
a - Sticky Flame          Conj/Fire      31%        2d5       4%          4

Your spell library contained the following spells:

 Spells                   Type           Power      Damage    Failure   Level
 Conjure Flame            Conj/Fire      31%        6-21      1%          3
 Dazzling Flash           Conj/Hex       38%        N/A       7%          3
 Stone Arrow              Conj/Erth      38%        3d9       7%          3
 Sandblast                Erth           12%        2d6       12%         1
 Summon Small Mammal      Summ           24%        N/A       12%         1
 Ignite Poison            Fire/Tmut/Pois 14%        N/A       12%         3
 Ensorcelled Hibernation  Hex/Ice        12%        N/A       17%         2
 Passwall                 Tmut/Erth      5%         N/A       17%         2
 Fulminant Prism          Conj/Hex       9%         3d7       22%         4
 Iskenderun's Mystic Bla  Conj/Tloc      19%        2d6       22%         4
 Call Canine Familiar     Summ           6%         N/A       34%         3
 Gell's Gravitas          Tloc           6%         N/A       34%         3
 Spider Form              Tmut/Pois      6%         N/A       34%         3
 Summon Guardian Golem    Hex/Summ       6%         N/A       34%         3
 Teleport Other           Tloc           6%         N/A       34%         3
 Tukima's Dance           Hex            6%         N/A       34%         3
 Freezing Cloud           Conj/Ice/Air   7%         6-21      71%         5
 Anguish                  Hex/Necr       3%         N/A       75%         4
 Passage of Golubria      Tloc           6%         N/A       75%         4
 Agony                    Necr           6%         N/A       97%         5
 Lee's Rapid Deconstruct  Erth           3%         3d6*      97%         5
 Silence                  Hex/Air        3%         N/A       97%         5
 Yara's Violent Unravell  Hex/Tmut       3%         3d4       97%         5
 Dispersal                Tloc           3%         N/A       100%        6
 Simulacrum               Ice/Necr       3%         N/A       100%        6
 Polar Vortex             Ice            3%         N/A       100%        9


Dungeon Overview and Level Annotations

Branches:
Dungeon (9/15)             Temple (1/1) D:4            Lair (6/6) D:9
 Shoals (0/4) Lair:2        Snake (0/4) Lair:4        Slime (0/5) Lair:6
    Orc: D:9-12

Altars:
Ashenzari
Cheibriados
Dithmenos
Elyvilon
Fedhas
Gozag
Hepliaklqana
Kikubaaqudgha
Makhleb
Nemelex Xobeh
Okawaru
Qazlal
Ru
Sif Muna
Trog
Uskayaw
Vehumet
Wu Jian
Xom
Yredelemnul
Zin
The Shining One

Portals:
Ice
Cave: Lair:6

Annotations:
Lair:1 exclusion: oklob plant


Innate Abilities, Weirdness & Mutations

You are small and have problems with some larger weapons.
You are completely attuned to the shadows.


Message History

Flame seeps out of the yak.
The yak is heavily wounded.
The iceblast engulfs the yak.
Flame seeps out of the yak.
The yak is heavily wounded.
The iceblast engulfs the blink frog!
Sif Muna accepts your kill.
The iceblast engulfs the blink frog!
Sif Muna accepts your kill.
The iceblast engulfs the yak!
Sif Muna accepts your kill.
The yak explodes!
The fiery explosion engulfs the yak!!
Sif Muna accepts your kill.
The fiery explosion engulfs the yak!!
Flame seeps out of the yak.
The yak is severely wounded.
The yak explodes!
The fiery explosion engulfs the yak!!
Sif Muna accepts your kill.
The yak explodes!
The fiery explosion engulfs you!
* * * LOW HITPOINT WARNING * * *
The fiery explosion engulfs the death yak!!!
Flame seeps out of the death yak.
The death yak is heavily wounded.
The blink frog explodes!
The fiery explosion engulfs the death yak!!!
Sif Muna accepts your kill.
The fiery explosion engulfs the yak!
Sif Muna accepts your kill.
Sif Muna will now gift you books as you gain piety.
The yak explodes!
Sif Muna accepts your kill.
You feel a bit more experienced.
The fiery explosion engulfs the death yak!!
The death yak is moderately wounded.
Sif Muna accepts your kill.
You feel a bit more experienced.
The death yak explodes!
The fiery explosion engulfs you!!
You die...

,,*** *** ,,,,** ***
*,***** ,,,,,* #.*
*#..#*,* ,,,,**
#.###.#..,** ,,,**
##.......,*** ,,,*
##.#......*,,* ,,,*
##P..§§§....*** ,,,*
**#....§○§§..#* ,,,**
*,#...@○§§§..# ,,,,**
****,....§§§§FD§#
,,,,,***,**,....§F§Y§.D#*
*,,,,,,,,*,,........§§#§#
**,,,,,,,..........§#YY##
***,,,>,..........F.§F§§#*
* *,,,_.#.........#F∩.#..#
* **#.........§..†.......#
* #..........F..F.#...**


You could see a death yak and a blink frog (inner flame).

Vanquished Creatures
  Kirke (Lair:5)
  The ghost of Anonymone the Warrior, a journeyman DsGl of Okawaru (Lair:3)
  Fannar (Lair:3)
  2 hydras
  A catoblepas (Lair:3)
  7 death yaks
  5 elephants
  7 black mambas
  A torpor snail (Lair:4)
  8 cane toads
  Maggie (Lair:1)
  2 rime drakes
  2 komodo dragons
  15 blink frogs
  A troll (D:9)
  Grinder (D:3)
  A polar bear (Lair:3)
  2 hornets
  4 wyverns
  2 spriggans (Lair:3)
  16 yaks
  2 steam dragons
  A hog (Lair:5)
  4 basilisks
  4 nagas (Lair:4)
  22 water moccasins
  4 orc warriors
  5 sky beasts
  6 black bears
  A necrophage (D:4)
  A boggart (Lair:3)
  2 ogres
  7 wolves
  A centaur (D:9)
  A phantom (D:5)
  11 bullfrogs
  A gnoll sergeant (D:7)
  A scorpion (D:7)
  A wyvern skeleton (D:5)
  4 wights (D:9)
  A howler monkey (D:8)
  A crimson imp (D:7)
  A centaur zombie (D:8)
  3 hounds
  8 orc priests
  A jelly (D:5)
  2 iguanas (D:4)
  6 orc wizards
  2 hell rats (Lair:4)
  A hound zombie (D:5)
  A hound skeleton (D:4)
  A howler monkey zombie (D:8)
  Robin (D:2)
  15 gnolls
  A howler monkey skeleton (D:6)
  8 adders
  6 river rats (Lair:4)
  2 shadow imps (D:8)
  3 white imps
  An ufetubus (D:5)
  An adder skeleton (D:4)
  A worm (D:3)
  2 dart slugs (D:2)
  22 orcs
  7 bats
  7 endoplasms
  2 giant cockroaches (D:4)
  12 goblins
  8 hobgoblins
  7 kobolds
  2 quokkas
  7 ball pythons
  5 frilled lizards
  3 rats
311 creatures vanquished.

Vanquished Creatures (collateral kills)
  A cane toad (Lair:6)
1 creature vanquished.

Vanquished Creatures (others)
  A human (Lair:5)
  42 fungi
  126 plants
169 creatures vanquished.

Grand Total: 481 creatures vanquished

Notes
Turn   | Place    | Note
-------+----------+-------------------------------------------
     0 | D:1      | willcat the Kobold Brigand began the quest for the Orb.
     0 | D:1      | Reached XP level 1. HP: 12/12 MP: 1/1
   214 | D:1      | Reached XP level 2. HP: 17/17 MP: 2/2
   785 | D:1      | Reached XP level 3. HP: 21/21 MP: 3/3
   808 | D:1      | Found a faded altar of an unknown god.
   860 | D:2      | Reached skill level 6 in Stealth
   887 | D:2      | Noticed Robin
   949 | D:2      | Killed Robin
  1128 | D:2      | Reached XP level 4. HP: 23/26 MP: 4/4
  1676 | D:2      | Reached XP level 5. HP: 27/30 MP: 5/5
  1756 | D:2      | Reached skill level 7 in Stealth
  2059 | D:3      | Reached skill level 5 in Short Blades
  3104 | D:3      | Noticed Grinder
  3108 | D:3      | Killed Grinder
  3109 | D:3      | Reached skill level 8 in Stealth
  3109 | D:3      | Reached XP level 6. HP: 35/35 MP: 6/6
  3109 | D:3      | Reached XP level 7. HP: 40/40 MP: 7/7
  3371 | D:4      | Found a staircase to the Ecumenical Temple.
  3399 | D:4      | Reached skill level 9 in Stealth
  3409 | Temple   | Entered the Ecumenical Temple
  4029 | Temple   | Became a worshipper of Sif Muna the Loreminder
  4182 | D:4      | Learned a level 4 spell: Sticky Flame
  4472 | Temple   | Reached skill level 1 in Spellcasting
  4472 | Temple   | Reached skill level 1 in Conjurations
  4472 | Temple   | Reached skill level 1 in Fire Magic
  5084 | D:4      | Reached XP level 8. HP: 44/44 MP: 8/10
  5951 | D:5      | Entered Level 5 of the Dungeon
  6544 | D:5      | Reached * piety under Sif Muna
  6545 | D:5      | Reached skill level 10 in Stealth
  7082 | D:6      | Reached XP level 9. HP: 48/48 MP: 13/13
  8231 | D:7      | Found an opulent altar of Gozag.
  9576 | D:7      | Reached skill level 11 in Stealth
  9736 | D:7      | Reached skill level 1 in Armour
 10606 | D:8      | Reached ** piety under Sif Muna
 10633 | D:8      | Reached XP level 10. HP: 50/54 MP: 14/16
 11502 | D:9      | Reached skill level 5 in Fire Magic
 11522 | D:9      | Found a staircase to the Lair.
 11613 | D:9      | Reached skill level 10 in Short Blades
 11613 | D:9      | Reached skill level 5 in Spellcasting
 11613 | D:9      | Reached skill level 5 in Conjurations
 12121 | Lair:1   | Entered Level 1 of the Lair of Beasts
 12154 | Lair:1   | Noticed an oklob plant
 12341 | Lair:1   | Reached skill level 1 in Invocations
 12349 | Lair:1   | Reached skill level 12 in Stealth
 12349 | Lair:1   | Reached XP level 11. HP: 36/61 MP: 4/19
 12509 | Lair:1   | Noticed Maggie
 12513 | Lair:1   | Killed Maggie
 13624 | Lair:2   | Found a staircase to the Shoals.
 13910 | Lair:3   | Noticed a catoblepas
 13911 | Lair:3   | Killed a catoblepas
 13939 | Lair:3   | Reached skill level 5 in Fighting
 13989 | Lair:3   | Found a runed translucent door.
 13989 | Lair:3   | Identified the +1 trident of Agony {vorpal, rF- Str+5
                  | Int+3}
 13989 | Lair:3   | Noticed a spriggan rider
 13997 | Lair:3   | Noticed Anonymone's ghost (journeyman DsGl)
 14050 | Lair:3   | Killed Anonymone's ghost
 14051 | Lair:3   | Reached skill level 5 in Dodging
 14090 | Lair:3   | Reached *** piety under Sif Muna
 14590 | Lair:3   | Reached XP level 12. HP: 48/68 MP: 1/21
 14737 | Lair:3   | Noticed Fannar
 15111 | Lair:3   | Killed Fannar
 15440 | Lair:3   | Noticed a seven-headed hydra
 15462 | Lair:3   | Killed a seven-headed hydra
 15463 | Lair:3   | Reached skill level 13 in Stealth
 16745 | Lair:4   | Found a staircase to the Snake Pit.
 17083 | Lair:4   | Reached skill level 1 in Evocations
 17128 | Lair:4   | Noticed a death yak
 17128 | Lair:4   | Noticed a death yak
 17129 | Lair:4   | Noticed a death yak
 17129 | Lair:4   | Noticed a death yak
 17129 | Lair:4   | Noticed a death yak
 17164 | Lair:4   | Killed a death yak
 17170 | Lair:4   | Killed a death yak
 17176 | Lair:4   | Killed a death yak
 17181 | Lair:4   | Killed a death yak
 17182 | Lair:4   | Reached XP level 13. HP: 38/74 MP: 3/23
 17201 | Lair:4   | Reached **** piety under Sif Muna
 18121 | Lair:4   | Reached skill level 5 in Armour
 18973 | Lair:5   | Noticed Kirke
 18986 | Lair:5   | Reached skill level 14 in Stealth
 19010 | Lair:5   | Killed Kirke
 19347 | Lair:5   | Identified the +1 plate armour "Wosyub" {rC+}
 20007 | Lair:6   | Entered Level 6 of the Lair of Beasts
 20220 | Lair:6   | Noticed an eight-headed hydra
 20265 | Lair:6   | Found a frozen archway.
 20288 | Lair:6   | Reached ***** piety under Sif Muna
 20288 | Lair:6   | Killed an eight-headed hydra
 20288 | Lair:6   | Killed by an exploding death yak... ignited by their inner
                  | flame

Illustrated notes

Levels and vault maps discovered:
D:1:      eino_arrival_druids_welcome, layout_basic,
          shapermc_ecumenical_altar_pompeii, hangedman_decor_push
D:2:      layout_basic, uniq_robin
D:3:      layout_basic, uniq_grinder
D:4:      layout_gridville, minmay_temple_entry_mini_moons, minmay_misc_feat_x,
          chequers_garden
D:5:      layout_basic
D:6:      layout_basic
D:7:      layout_basic, lemuel_crystal_altar, minmay_fire_ice_demons
D:8:      layout_basic, minmay_misc_feat_more_columns
D:9:      layout_rooms, grunt_lair_entry_orc_guard_hut,
          ebering_ghost_disaster_area, evilmike_minifort
Temple:   mainiacjoe_temple_starburst
Lair:1:   layout_hall_layers, dpeg_stationary_puzzle, uniq_maggie
Lair:2:   layout_long_grid, shoals_dummy_entry
Lair:3:   layout_layer_cave, ebering_ghost_funeral_grove, uniq_fannar
Lair:4:   layout_regular_city, minmay_snake_entry_guardpost_small, minivault_27,
          kennysheep_rathole, infiniplex_staircase_pool_2
Lair:5:   beast_lair_carwin_large_4, layout_cellular_growth, uniq_kirke
Lair:6:   minmay_lair_end_frog_pond, layout_cave_pods, slime_altar_1,
          portal_ice_cave_entry_pillars_1

Skill      XL: |  1  2  3  4  5  6  7  8  9 10 11 12 13 |
---------------+----------------------------------------+-----
Short Blades   | 3 4 6 7 8 9 10 11 12 | 12.4
Stealth        | 6 8 9 10 11 12 13 14 | 14.2
Spellcasting   | 1 3 4 5 6 7 |  7.8
Conjurations   | 1 2 4 5 6 7 |  7.9
Fire Magic     | 1 3 4 5 6 7 |  7.9
Armour         | 1 2 3 4 5 |  5.5
Dodging        | 3 5 6 7 |  7.9
Fighting       | 4 5 6 |  6.1
Invocations    | 1 3 4 |  4.4
Evocations     | 2 4 |  4.4
Throwing       | |  2.1

Action                   |  1- 3 |  4- 6 |  7- 9 | 10-12 | 13-15 || total
-------------------------+-------+-------+-------+-------+-------++-------
Melee: Dagger            |    67 |   111 |   400 |   507 |   230 ||  1315
       Punch             |     1 |       |     8 |     3 |     5 ||    17
Throw: Dart              |     3 |    10 |    17 |       |       ||    30
 Cast: Sticky Flame      |       |       |     4 |    52 |    31 ||    87
Evoke: Wand              |       |       |       |     4 |     2 ||     6
       Condenser vane    |       |       |       |     1 |       ||     1
  Use: Scroll            |       |       |    11 |     2 |    12 ||    25
       Potion            |       |       |     2 |       |     1 ||     3
 Stab: Sleeping          |    15 |    11 |    30 |    30 |    11 ||    97
       Distracted        |       |       |     2 |     5 |     4 ||    11
       Confused          |       |       |       |     5 |       ||     5
Armor: Robe              |    13 |    18 |    55 |       |       ||    86
       Steam dragon scal |       |       |    38 |   185 |    94 ||   317
Dodge: Dodged            |    28 |    57 |   190 |   332 |   201 ||   808

Table legend: (Time is in decaauts)
 A = Elapsed time spent in this place.
 B = Non-inter-level travel time spent in this place.
 C = Inter-level travel time spent in this place.
 D = Time resting spent in this place.
 E = Time spent auto-exploring this place.
 F = Levels seen in this place.
 G = Mean time per level.
                   A        B        C        D        E       F      G
               +--------+--------+--------+--------+--------+-----+--------+
         Total |  19740 |  19285 |    455 |   3759 |  12507 |  16 | 1233.8 |
       Dungeon |  10669 |  10466 |    203 |   1807 |   6899 |   9 | 1185.4 |
        Temple |   1175 |   1044 |    131 |      5 |    982 |   1 | 1175.0 |
          Lair |   7896 |   7776 |    120 |   1947 |   4625 |   6 | 1316.0 |
               +--------+--------+--------+--------+--------+-----+--------+

Top non-repeatable levels by time:
  Lair:4: 1875 daAuts
     D:7: 1816 daAuts
  Lair:3: 1790 daAuts
  Lair:5: 1642 daAuts
     D:4: 1416 daAuts
  Lair:2: 1358 daAuts
     D:6: 1294 daAuts
     D:3: 1291 daAuts
  Temple: 1175 daAuts
     D:2: 1159 daAuts
     D:5: 1129 daAuts
     D:9: 1087 daAuts
  Lair:1: 960 daAuts
     D:1: 824 daAuts
     D:8: 648 daAuts
